 Dungeon Crawl Stone Soup version 0.32-a0-612-g1c984fe9d1 (webtiles) character file.

Game seed: 13744931517018045455

1987 Elsrick the Slasher (level 9, -6/67 HPs)
             Began as a Coglin Artificer on Mar 5, 2024.
             Was an Initiate of the Shining One.
             Mangled by a two-headed ogre
             ... wielding a +0 giant spiked club
              (30 damage)
             ... on level 8 of the Dungeon.
             The game lasted 00:28:28 (8347 turns).

Elsrick the Slasher (Coglin Artificer)              Turns: 8347, Time: 00:28:29

Health: -6/67      AC:  6    Str: 13    XL:     9   Next: 21%
Magic:  9/9        EV: 13    Int: 10    God:    the Shining One [......]
Gold:   469        SH:  0    Dex: 23    Spells: 8/8 levels left

rFire   . . .        E - +8 whip of Dominance {elec, Dex+4}
rCold   . . .        i - +5 dagger {Siegfried}
rNeg    . . .        b - +0 leather armour
rPois   .            v - +1 helmet
rElec   .            (no cloak)
rCorr   .            (no gloves)
SInv    .            r - +0 pair of boots
Will    .....        (amulet unavailable)
Stlth   +            (ring unavailable)
HPRegen 0.31/turn    (ring unavailable)
MPRegen 0.11/turn    (no gizmo)

%: no passive effects
@: glowing, revving
A: off-hand wielding, slow wielding, warmup strikes, no jewellery
a: Invent Gizmo, Renounce Religion


You were on level 8 of the Dungeon.
You worshipped the Shining One.
The Shining One was noncommittal.
You visited 2 branches of the dungeon, and saw 10 of its levels.

You collected 469 gold pieces.

Inventory:

Hand Weapons
 i - a +5 dagger (offhand) {Siegfried}
 m - a +0 scimitar {José}
 y - a +0 whip of holy wrath {Byeongho}
 E - the +8 whip of Dominance (weapon) {elec, Dex+4}
   (You found it on level 6 of the Dungeon)

   Dex+4:     It affects your dexterity (+4).
Armour
 b - a +0 leather armour (worn)
 r - a +0 pair of boots (worn)
 v - a +1 helmet (worn)
 B - an orb of mayhem
Talismans
 c - a blade talisman
 h - a flux talisman
Wands
 d - a wand of charming (15)
 e - a wand of iceblast (5)
 p - a wand of flame (20) (quivered)
Scrolls
 g - a scroll of revelation
 n - a scroll of poison {unknown}
 t - 2 scrolls of fear
 x - a scroll of fog {unknown}
 A - a scroll of brand weapon {unknown}
 C - a scroll of vulnerability {unknown}
 F - a scroll of enchant weapon {unknown}
 G - 2 scrolls of amnesia
Potions
 a - a potion of brilliance {unknown}
 f - a potion of resistance {unknown}
 j - 2 potions of haste
 l - 2 potions of enlightenment
 o - a potion of degeneration
 s - a potion of lignification {unknown}
 u - 2 potions of attraction
 w - 4 potions of heal wounds
 z - a potion of cancellation {unknown}
 D - a potion of berserk rage {unknown}


   Skills:
 + Level 4.9 Fighting
 + Level 3.3(5.1) Short Blades
 + Level 6.5(7.0) Long Blades
 + Level 2.7 Maces & Flails
 + Level 3.6 Armour
 + Level 3.2 Dodging
 + Level 2.1 Stealth
 + Level 5.8 Evocations


You had 8 spell levels left.
You didn't know any spells.
Your spell library contained the following spells:

 Spells                   Type           Power      Damage    Failure   Level
 Magic Dart               Conj           0%         1d3       43%         1
 Sandblast                Erth           0%         2d4       43%         1
 Searing Ray              Conj           0%         2d4       56%         2
 Passwall                 Erth           0%         N/A       80%         3
 Stone Arrow              Conj/Erth      0%         3d7       80%         3
 Brom's Barrelling Bould  Conj/Erth      0%         2d3       99%         4
 Fulminant Prism          Conj/Alch      0%         3d5       99%         4
 Sculpt Simulacrum        Ice/Alch       0%         N/A       100%        6
 Ozocubu's Refrigeration  Ice            0%         4d7       100%        7
 Polar Vortex             Ice            0%         N/A       100%        9


Dungeon Overview and Level Annotations

Branches:
Dungeon (9/15)             Temple (1/1) D:5
   Lair: D:8-11         Orc: D:9-12

Altars:
Ashenzari
Cheibriados
Dithmenos
Gozag
Kikubaaqudgha
Makhleb
Nemelex Xobeh
Okawaru
Ru
Sif Muna
Trog
Uskayaw
Vehumet
Wu Jian
Yredelemnul
The Shining One

Shops:
D:1 [   D:2 [

Annotations:
D:2 1 runed translucent door, Crazy Yiuf


Innate Abilities, Weirdness & Mutations

You can wield a second weapon in your off-hand.
It takes a long time for you to wield or remove held weapons.
Your first few attacks do less damage.
You cannot equip rings or amulets.


Message History

You welcome your +5 dagger "Siegfried" into your grasp.
Found a basalt altar of Yredelemnul.
j - 2 potions of haste You now have 446 gold pieces (gained 10).
You now have 457 gold pieces (gained 11).
You now have 469 gold pieces (gained 12).
Found a shortbow.
There is a stone staircase leading up, spattered with blood here.
Things that are here:
3 scrolls of immolation; 2 scrolls of torment; a scroll of noise You see here a bullfrog skeleton.
There is a stone staircase leading down here.
Done exploring.
Done exploring.
There is a stone staircase leading down here.
You climb downwards.
The two-headed ogre shouts in stereo!
Found a copper wand.
Found a stone staircase leading down.
There is a stone staircase leading up here.
The two-headed ogre closely misses you.
The two-headed ogre hits you with a +0 giant club!!
You climb upwards.
There is a stone staircase leading down here.
You hit the two-headed ogre with your +5 dagger.
The two-headed ogre is lightly wounded.
You whack the two-headed ogre with the +8 whip of Dominance!
You hit the two-headed ogre with your +5 dagger.
The two-headed ogre is moderately wounded.
You hit the two-headed ogre with the +8 whip of Dominance.
Lightning courses through the two-headed ogre!
The two-headed ogre hits you with a +0 giant spiked club!!
The two-headed ogre closely misses you.
You whack the two-headed ogre with the +8 whip of Dominance!
The two-headed ogre is severely wounded.
You hit the two-headed ogre with your +5 dagger.
You hit the two-headed ogre but do no damage.
The two-headed ogre is severely wounded.
You whack the two-headed ogre with the +8 whip of Dominance!
The two-headed ogre hits you with a +0 giant spiked club!!
You die...

..###.# #.# ..#
#.#############.# ..#
#............##.# ..#
#............##.# ..#
#............##.#
..###............##.#
....................###
...............O......#
................@##.#.#
.)###............##.#.#
..'.................#.#####
..###....####.............#
..# ####.###............#.#
..######.<÷...............#
..+......#######.##.###.#.#
..##.###.# ##.##)###.#.#
..##.# #.# #..##.....#.#


You could see a two-headed ogre.

Vanquished Creatures
  3 black bears
  A sky beast (D:8)
  2 phantoms
  2 centaurs
  A bullfrog (D:8)
  A gnoll sergeant (D:5)
  5 scorpions
  A howler monkey (D:4)
  A crimson imp (D:7)
  2 bombardier beetles
  A jelly (D:6)
  A sleepcap (D:5)
  2 human zombies (D:6)
  5 orc priests
  A hound (D:6)
  6 orc wizards
  2 human skeletons
  A hound skeleton (D:8)
  3 gnolls
  13 adders
  2 shadow imps
  A dart slug (D:1)
  2 ribbon worms (D:2)
  22 orcs
  3 bats
  8 endoplasms
  3 giant cockroaches
  4 goblins
  8 hobgoblins
  5 quokkas
  7 ball pythons
  5 frilled lizards
  A goblin skeleton (D:7)
  3 hobgoblin zombies (D:7)
  3 kobolds
  A kobold skeleton (D:7)
  4 orc skeletons
  3 orc zombies
  A rat (D:3)
140 creatures vanquished.

Notes
Turn   | Place    | Note
-------+----------+-------------------------------------------
     0 | D:1      | Elsrick the Coglin Artificer began the quest for the Orb.
     0 | D:1      | Reached XP level 1. HP: 15/15 MP: 1/1
   306 | D:1      | Found a faded altar of an unknown god.
   370 | D:1      | Reached XP level 2. HP: 21/21 MP: 2/2
   841 | D:1      | Found Waxud's Armour Emporium.
   887 | D:2      | Noticed an animated pearl dragon scales
   889 | D:2      | Found Toneut's Armour Shop.
   891 | D:2      | Noticed an animated gold dragon scales
  1172 | D:2      | Reached skill level 1 in Stealth
  1172 | D:2      | Reached XP level 3. HP: 22/26 MP: 3/3
  1353 | D:2      | Found a runed translucent door.
  1354 | D:2      | Noticed Crazy Yiuf
  1572 | D:2      | Reached skill level 1 in Dodging
  1691 | D:2      | Reached XP level 4. HP: 29/33 MP: 4/4
  2273 | D:3      | Reached skill level 1 in Short Blades
  2678 | D:3      | Reached skill level 1 in Long Blades
  2678 | D:3      | Reached XP level 5. HP: 38/38 MP: 5/5
  3001 | D:4      | Reached skill level 2 in Long Blades
  3232 | D:4      | Noticed a phantom
  3242 | D:4      | Killed a phantom
  3243 | D:4      | Reached skill level 3 in Long Blades
  3243 | D:4      | Reached XP level 6. HP: 38/46 MP: 6/6
  3584 | D:4      | Found an opulent altar of Gozag.
  3998 | D:5      | Entered Level 5 of the Dungeon
  4098 | D:5      | Reached skill level 4 in Long Blades
  4098 | D:5      | Reached XP level 7. HP: 48/52 MP: 7/7
  4152 | D:5      | Reached skill level 5 in Evocations
  4250 | D:5      | Found a staircase to the Ecumenical Temple.
  4562 | Temple   | Entered the Ecumenical Temple
  4687 | D:5      | Found a broken altar of Ashenzari.
  4778 | D:4      | Reached skill level 5 in Long Blades
  4968 | D:5      | Found a shadowy altar of Dithmenos.
  4993 | D:5      | Noticed a shadow
  5076 | D:5      | Reached XP level 8. HP: 59/59 MP: 8/8
  5580 | D:6      | Reached skill level 6 in Long Blades
  5955 | D:6      | Found a bloodstained altar of Trog.
  5955 | D:6      | Found an iron altar of Okawaru.
  5955 | D:6      | Found an ancient bone altar of Kikubaaqudgha.
  5955 | D:6      | Found a snail-covered altar of Cheibriados.
  5962 | D:6      | Found a radiant altar of Vehumet.
  5962 | D:6      | Found a sacrificial altar of Ru.
  5964 | D:6      | Identified the +8 whip of Dominance {elec, Dex+4}
  6258 | D:6      | Found a shimmering blue altar of Sif Muna.
  6383 | D:6      | Found an ornate altar of the Wu Jian Council.
  6612 | D:7      | Reached skill level 1 in Maces & Flails
  6679 | D:7      | Found a glowing golden altar of the Shining One.
  6834 | D:7      | Noticed a yak
  6861 | D:7      | Became a worshipper of the Shining One
  6892 | D:7      | Noticed a yak
  6892 | D:7      | Noticed a yak
  7145 | D:7      | Found a hide-covered altar of Uskayaw.
  7227 | D:7      | Found a sparkling altar of Nemelex Xobeh.
  7301 | D:8      | Reached XP level 9. HP: 62/66 MP: 9/9
  7898 | D:8      | Found a burning altar of Makhleb.
  8043 | D:8      | Found a basalt altar of Yredelemnul.
  8340 | D:9      | Noticed a two-headed ogre
  8347 | D:8      | Mangled by a two-headed ogre

Illustrated notes

Levels and vault maps discovered:
D:1:      minmay_arrival_checkered_box, layout_loops_corners,
          hellmonk_ecumenical_altar_blasted, serial_shops,
          nicolae_shop_tiny_real_fake_doors
D:2:      layout_loops_corners, serial_shops, nicolae_shop_mannequins,
          uniq_crazy_yiuf_cottage
D:3:      layout_loops_ring, grunt_decor_arrowhead
D:4:      layout_basic, nicolae_gozag_seed_capital, minmay_cut_off
D:5:      layout_cave_pools, riverfiend_overflow_shadow_ancestor,
          nicolae_ashenzari_panopticon, minmay_temple_entry_mini_moons
D:6:      layout_rooms, nzn_wu_jian_council_hall,
          mainiacjoe_overflow_six_doors_small, minmay_overflow_temple_hex,
          nicolae_ossuary_entry_catacombs
D:7:      layout_loops_corners, mainiacjoe_overflow_brackets,
          mainiacjoe_overflow_cross_hatched, nicolae_tso_besieged_by_evil,
          serial_shops, kennysheep_little_box
D:8:      layout_basic, makhleb_blood_cavern_becter, lemuel_round_altar
D:9:      layout_cave_pools, grunt_temple_overflow_forces_of_nature,
          kennysheep_mini_moat, xom_teletrap_fun, serial_shops,
          nicolae_shop_temple_entry_statues_fountains, uniq_psyche
Temple:   ebering_the_none_and_only

Skill      XL: |  1  2  3  4  5  6  7  8  9 |
---------------+----------------------------+-----
Armour         | 2 3 |  3.6
Stealth        | 1 2 |  2.1
Dodging        | 1 2 3 |  3.2
Fighting       | 2 3 4 |  4.9
Short Blades   | 1 2 3 |  3.3
Long Blades    | 1 3 4 5 6 |  6.5
Evocations     | 5 |  5.8
Maces & Flails | 1 2 |  2.7

Action                     |  1- 3 |  4- 6 |  7- 9 || total
---------------------------+-------+-------+-------++-------
  Melee: Dagger            |    61 |    96 |   139 ||   296
         Club              |    29 |       |       ||    29
         Scimitar          |    28 |   111 |   115 ||   254
         Whip              |       |       |   130 ||   130
  Evoke: Wand              |       |     7 |    15 ||    22
    Use: Potion            |     2 |       |     3 ||     5
         Scroll            |       |       |     7 ||     7
   Stab: Sleeping          |     2 |     3 |     3 ||     8
 Armour: Leather armour    |    38 |    65 |   155 ||   258
  Dodge: Dodged            |    28 |    47 |   133 ||   208

Table legend: (Time is in decaauts)
 A = Elapsed time spent in this place.
 B = Non-inter-level travel time spent in this place.
 C = Inter-level travel time spent in this place.
 D = Time resting spent in this place.
 E = Time spent auto-exploring this place.
 F = Levels seen in this place.
 G = Mean time per level.
                   A        B        C        D        E       F      G
               +--------+--------+--------+--------+--------+-----+--------+
         Total |   8351 |   7621 |    730 |   1620 |   3488 |  10 |  835.1 |
       Dungeon |   8337 |   7607 |    730 |   1620 |   3488 |   9 |  926.3 |
        Temple |     13 |     13 |      0 |      0 |      0 |   1 |   13.0 |
               +--------+--------+--------+--------+--------+-----+--------+

Top non-repeatable levels by time:
     D:2: 1341 daAuts
     D:4: 1312 daAuts
     D:5: 1129 daAuts
     D:8: 1062 daAuts
     D:6: 1036 daAuts
     D:1: 1014 daAuts
     D:3: 745 daAuts
     D:7: 693 daAuts
  Temple: 13 daAuts
     D:9: 2 daAuts
